 Dungeon Crawl Stone Soup version 0.21-a0-472-g223bcb9 (webtiles) character file.

25 slep the Slasher (level 3, -1/20 HPs)
             Began as a Vine Stalker Monk on Nov 22, 2017.
             Slain by an adder (3 damage)
             ... on level 2 of the Dungeon.
             The game lasted 00:02:17 (374 turns).

slep the Slasher (Vine Stalker Monk)                 Turns: 374, Time: 00:02:18

Health: -1/20      AC:  6    Str: 13    XL:     3   Next: 4%
Magic:  0/4        EV:  9    Int: 10    God:
Gold:   38         SH:  4    Dex: 17    Spells: 2/2 levels left

rFire    . . .     SeeInvis .   a - +0 falchion
rCold    . . .     Gourm    .   i - +0 buckler
rNeg     . . .     Faith    .   f - +0 scale mail
rPois    .         Spirit   +   (no helmet)
rElec    .         Reflect  .   (no cloak)
rCorr    .         Harm     .   (no gloves)
MR       .....                  (no boots)
Stlth    +.........             (no amulet)
HPRegen  0.06/turn              (no ring)
MPRegen  0.09/turn              (no ring)

@: lethally poisoned (-1 -> -6)
A: fangs 2, magic shield, antimagic bite, no potion heal 3, rot immunity
a: no special abilities


You were on level 2 of the Dungeon.
You were not hungry.

You visited 1 branch of the dungeon, and saw 2 of its levels.

You collected 38 gold pieces.

Inventory:

Hand Weapons
 a - a +0 falchion (weapon)
Armour
 b - a +0 robe
 f - a +0 scale mail (worn)
 i - a +0 buckler (worn)
Scrolls
 g - a scroll of identify {unknown}
 j - a scroll of noise {unknown}
Potions
 d - 3 potions of heal wounds {unknown}
 e - 2 potions of degeneration {unknown}
Comestibles
 c - a bread ration
 h - 2 fruits


   Skills:
 + Level 3.1 Fighting
 + Level 3.1 Long Blades
 + Level 2.6 Dodging
 + Level 2.7 Stealth


You had 2 spell levels left.
You didn't know any spells.

Dungeon Overview and Level Annotations

Branches:
Dungeon (2/15)

Altars:


Innate Abilities, Weirdness & Mutations

You have extremely sharp teeth.
When hurt, damage is shared between your health and your magic reserves.
Your bite disrupts and absorbs the magic of your enemies.
Potions cannot restore your health.
You are immune to rotting.


Message History

* * * LOW HITPOINT WARNING * * *
The adder bites you but does no damage.
Unknown command.
Your scale mail prevents you from hitting the adder.
The adder is almost dead.
The adder bites you but does no damage. x2
You hit the adder but do no damage.
The adder is almost dead.
* * * LOW HITPOINT WARNING * * *
You feel sick. The adder bites you but does no damage.
You closely miss the adder. Your bite misses the adder.
The adder is almost dead.
The adder bites you.
* * * LOW HITPOINT WARNING * * *
The adder misses you.
Your scale mail prevents you from hitting the adder.
Your bite misses the adder.
The adder is almost dead.
The adder bites you.
You die...

......##.####...
................
.....=.....# .#
.
#####.###..##.#
.# #
#..##.#+#.##
#..##......#
#.h##......#
##S##......###
#†@...........
#..........# .
#..........###.≈
#.............≈≈
##............≈≈
###..#.<.......
##.#.####+#.≈
#...# ##..#


You could see an adder and a jackal.

Vanquished Creatures
  An ooze (D:1)
  A leopard gecko (D:1)
  2 bats (D:1)
  3 giant cockroaches
  2 goblins (D:1)
  4 jackals
  2 frilled lizards (D:1)
  2 kobolds (D:1)
  A rat (D:1)
18 creatures vanquished.

Notes
Turn   | Place    | Note
-------+----------+-------------------------------------------
     0 | D:1      | slep the Vine Stalker Monk began the quest for the Orb.
     0 | D:1      | Reached XP level 1. HP: 11/11 MP: 2/2
    95 | D:1      | Reached XP level 2. HP: 8/16 MP: 3/3
   353 | D:2      | Reached XP level 3. HP: 20/20 MP: 4/4
   374 | D:2      | Slain by an adder

Vault maps used:
D:1:      minmay_arrival_three_doors
D:2:      chequers_ecumenical_altar_island, uniq_terence, uniq_robin

Skill      XL: |  1  2 |
---------------+-------+-----
Long Blades    | 3 |  3.1
Fighting       | 3 |  3.1
Dodging        | |  2.6
Stealth        | |  2.7

Action                   || total
-------------------------++-------
Melee: Falchion          ||    54
       Bite              ||    17
 Stab: Sleeping          ||     3
Armor: Robe              ||     3
       Scale mail        ||    19
Dodge: Dodged            ||    38
Block: Buckler           ||     3
       Rpst.: Falchion   ||    11

Table legend:
 A = Spawn XP
 B = Non-spawn XP
 C = Spawn XP percentage of total XP
 D = Spawn monster count
 E = Non-spawn monster count
 F = Spawn count percentage of total count
 G = Total turns spent on level
                    A         B        C        D         E        F      G
               +---------+---------+-------+---------+---------+-------+---------
         Total |       0 |      36 |   0.0 |       0 |      18 |   0.0 |   374
               +---------+---------+-------+---------+---------+-------+---------
           D:1 |       0 |      30 |   0.0 |       0 |      15 |   0.0 |   334
           D:2 |       0 |       6 |   0.0 |       0 |       3 |   0.0 |    40
               +---------+---------+-------+---------+---------+-------+---------
